 Dungeon Crawl Stone Soup version 0.22-a0-284-g99d1f74 (webtiles) character file.

63 4thArraOfDagon the Cutter (level 3, 0/24 HPs)
             Began as a Mummy Enchanter on Mar 22, 2018.
             Was an Initiate of Cheibriados.
             Slain by an adder (2 damage)
             ... on level 4 of the Dungeon.
             The game lasted 00:06:34 (1489 turns).

4thArraOfDagon the Cutter (Mummy Enchanter)         Turns: 1489, Time: 00:06:35

Health: 0/24       AC:  2    Str: 12    XL:     3   Next: 89%
Magic:  1/7        EV: 12    Int: 16    God:    Cheibriados [......]
Gold:   45         SH:  0    Dex: 13    Spells: 1/7 levels left

rFire    x . .     SeeInvis .   a - +1 dagger
rCold    + . .     Gourm    .   (no shield)
rNeg     + + +     Faith    .   b - +0 robe
rPois    ∞         Spirit   .   (no helmet)
rElec    .         Reflect  .   (no cloak)
rCorr    .         Harm     .   (no gloves)
MR       .....                  (no boots)
Stlth    ++........             (no amulet)
HPRegen  0.08/turn              (no ring)
MPRegen  0.10/turn              (no ring)

@: very slow
A: no food or potions, fire vulnerability, cold resistance 1, negative energy
resistance 3, torment resistance, unbreathing
a: Bend Time, Renounce Religion


You were on level 4 of the Dungeon.
You worshipped Cheibriados.
Cheibriados was noncommittal.
You were not hungry.

You visited 1 branch of the dungeon, and saw 4 of its levels.

You collected 45 gold pieces.

Inventory:

Hand Weapons
 a - a +1 dagger (weapon)
Armour
 b - a +0 robe (worn)


   Skills:
 + Level 0.0 Fighting
 - Level 3.1 Short Blades
 + Level 1.5 Dodging
 - Level 2.4 Stealth
 - Level 2.6 Spellcasting
 - Level 2.6 Hexes
 + Level 0.0 Invocations


You had one spell level left.
You knew the following spells:

 Your Spells              Type           Power        Failure   Level  Hunger
a - Corona                Hex            ##.....      6%          1    N/A
b - Ensorcelled Hibernat  Hex/Ice        #.....       17%         2    N/A
c - Confuse               Hex            ##......     19%         3    N/A

Dungeon Overview and Level Annotations

Branches:
Dungeon (4/15)
 Temple: D:4-7

Altars:
Cheibriados
Nemelex Xobeh
Vehumet

Annotations:
D:3 Kairos's ghost, amateur GnSk


Innate Abilities, Weirdness & Mutations

You do not eat or drink.
Your flesh is vulnerable to fire.
You are immune to poison.
Your flesh is cold resistant. (rC+)
You are immune to negative energy. (rN+++)
You are immune to unholy pain and torment.
You can survive without breathing.


Message History

Unknown command.
The adder closely misses you.
Unknown command.
You can't drink.
There is an open door here.
Unknown command.
The adder barely misses you.
Unknown command.
The adder bites you.
* * * LOW HITPOINT WARNING * * *
Unknown command.
Unknown command.
The adder closely misses you. The adder barely misses you. The adder bites you.
* * * LOW HITPOINT WARNING * * *
Unknown command.
Unknown command.
The adder bites you.
You die...

.....#
#..........#
....##
#.........#
....#
#.........#
...##
#.........#
[..#
###.......#
..## #.......#
### #.......#
# ##......#
#.@....#######
#.S...........
#.............
##..##########
#..# #..# #..#
##..# #...#


You could see an adder.

Vanquished Creatures
  3 adders (D:3)
  2 leopard geckos
  7 orcs
  4 giant cockroaches
  2 goblins (D:1)
  A hobgoblin (D:3)
  2 jackals (D:3)
  A quokka (D:4)
  2 bats (D:1)
  A frilled lizard (D:4)
  A rat (D:1)
26 creatures vanquished.

Notes
Turn   | Place    | Note
-------+----------+-------------------------------------------
     0 | D:1      | 4thArraOfDagon the Mummy Enchanter began the quest for the Orb.
     0 | D:1      | Reached XP level 1. HP: 13/13 MP: 4/4
    54 | D:1      | Reached skill level 1 in Short Blades
   285 | D:1      | Reached XP level 2. HP: 19/19 MP: 2/5
   294 | D:1      | Learned a level 2 spell: Ensorcelled Hibernation
   386 | D:3      | Noticed Kairos's ghost (amateur GnSk)
   424 | D:3      | Reached skill level 2 in Short Blades
   500 | D:3      | Reached XP level 3. HP: 24/24 MP: 1/7
   505 | D:3      | Learned a level 3 spell: Confuse
  1162 | D:3      | Reached skill level 3 in Short Blades
  1342 | D:4      | Found a snail-covered altar of Cheibriados.
  1348 | D:4      | Found a radiant altar of Vehumet.
  1367 | D:4      | Became a worshipper of Cheibriados the Contemplative
  1451 | D:4      | Found a sparkling altar of Nemelex Xobeh.
  1489 | D:4      | Slain by an adder

Vault maps used:
D:1:      roderic_crossed_star, minmay_tripent
D:2:      marbit_many_paths, eat_drink_and_be_merry_uskayaw,
          kennysheep_generic_room_12, uniq_natasha
D:3:      first_ration, minmay_misc_feat_columns
D:4:      gammafunk_temple_overflow_pools, kennysheep_little_box,
          lemuel_round_altar, cheibriados_altar_1, temple_fountains,
          makhleb_heckhound_becter

Skill      XL: |  1  2  3 |
---------------+----------+-----
Short Blades   | 1 2 3 |  3.1
Dodging        | |  1.5
Stealth        | |  2.4
Spellcasting   | |  2.6
Hexes          | |  2.6

Action                   || total
-------------------------++-------
Melee: Dagger            ||    67
 Cast: Corona            ||    14
       Ensorcelled Hiber ||    29
  Use: Scroll            ||     3
 Stab: Sleeping          ||    17
Armor: Robe              ||    24
Dodge: Dodged            ||    77

Table legend:
 A = Spawn XP
 B = Non-spawn XP
 C = Spawn XP percentage of total XP
 D = Spawn monster count
 E = Non-spawn monster count
 F = Spawn count percentage of total count
 G = Total turns spent on level
                    A         B        C        D         E        F      G
               +---------+---------+-------+---------+---------+-------+---------
         Total |       0 |      91 |   0.0 |       0 |      26 |   0.0 |  1489
               +---------+---------+-------+---------+---------+-------+---------
           D:1 |       0 |      16 |   0.0 |       0 |       9 |   0.0 |   362
           D:3 |       0 |      69 |   0.0 |       0 |      14 |   0.0 |   938
           D:4 |       0 |       6 |   0.0 |       0 |       3 |   0.0 |   185
               +---------+---------+-------+---------+---------+-------+---------
